 Dungeon Crawl Stone Soup version 0.18-a0-824-g47fe746 (webtiles) character file.

431 cluie the Chiller (level 6, -1/46 HPs)
             Began as a Demonspawn Ice Elementalist on Dec 17, 2015.
             Succumbed to tof's ghost's poison
             ... on level 5 of the Dungeon.
             The game lasted 00:07:25 (5611 turns).

cluie the Chiller (Demonspawn Ice Elementalist)     Turns: 5611, Time: 00:07:26

Health: -1/46      AC:  3    Str:  9    XL:     6   Next: 67%
Magic:  1/11       EV:  8    Int: 18    God:
Gold:   200        SH:  0    Dex: 15    Spells: 3 memorised, 4 levels left

rFire  . . .     SeeInvis .     n - +1 short sword (venom)
rCold  . . .     Gourm    .     a - +1 robe
rNeg   . . .     Faith    .     (no shield)
rPois  .         Spirit   +     (helmet restricted)
rElec  .         Dismiss  .     (no cloak)
rCorr  .         Reflect  .     (no gloves)
SustAt .         Harm     .     (no boots)
MR     .....                    j - amulet of guardian spirit
Stlth  ++++......               (no ring)
                                (no ring)

@: lethally poisoned (-1 -> -23), not resistant to hostile enchantments,
stealthy
A: antennae 1, agile 1, nightstalker 2, spiny 1
a: no special abilities


You were on level 5 of the Dungeon.
You were hungry.

You visited 1 branch of the dungeon, and saw 5 of its levels.

You collected 200 gold pieces.

Inventory:

Hand Weapons
 n - a +1 short sword of venom (weapon)
Armour
 a - a +1 robe (worn)
Jewellery
 j - an amulet of guardian spirit (around neck)
Scrolls
 e - a scroll of teleportation
 h - a scroll of remove curse
Potions
 i - a potion of curing
 k - a potion of cancellation
Books
 b - a book of Frost

   Spells                             Type                      Level
   a - Freeze                         Ice                          1
   b - Throw Frost                    Conjuration/Ice              2
   c - Ozocubu's Armour               Charms/Ice                   3
   d - Throw Icicle                   Conjuration/Ice              4
   e - Summon Ice Beast               Ice/Summoning                4
   f - Condensation Shield            Ice                          4
Comestibles
 c - 5 bread rations
 f - a royal jelly
 g - a fruit
 q - a meat ration


   Skills:
 + Level 2.9 Fighting
 + Level 3.3 Dodging
 - Level 1.7 Stealth
 + Level 3.5 Spellcasting
   Level 1.0 Conjurations
 + Level 1.7 Summonings
 + Level 4.1 Ice Magic


You had 4 spell levels left.
You knew the following spells:

 Your Spells              Type           Power        Failure   Level  Hunger
a - Freeze                Ice            ###.         2%          1    None
b - Ozocubu's Armour      Chrm/Ice       ##......     24%         3    ###....
c - Summon Ice Beast      Ice/Summ       ##......     54%         4    ####...


Dungeon Overview and Level Annotations

Branches:
Dungeon (5/15)
 Temple: D:4-7

Altars:
Ru

Annotations:
D:5 tof's ghost, novice MiMo


Innate Abilities, Weirdness & Mutations

You have a pair of small antennae on your head.
You are significantly more attuned to the shadows.
You are partially covered in sharp spines.
You are agile. (Dex +2)


Message History

Aim: tof's ghost, wielding a weapon of venom (severely damaged)
You freeze tof's ghost.
Tof's ghost is severely damaged.
* * * LOW HITPOINT WARNING * * *
You feel very sick. Tof's ghost hits you.
* * * LOW HITPOINT WARNING * * *
You are more poisoned.
* * * LOW HITPOINT WARNING * * *
You feel very sick.
* * * LOW HITPOINT WARNING * * *
You feel sick.
* * * LOW HITPOINT WARNING * * *
You feel sick.
* * * LOW HITPOINT WARNING * * *
You feel very sick.
* * * LOW HITPOINT WARNING * * *
You feel sick.
There is a stone staircase leading down here.
You die...

###.<..##....##...########
.......###...............#
##.......#.........(.....#
.........#...............#
.........................#
....<.......(............#
.#.....##.##..W..........#
.............##..........#
........##...##.@........#
.........###..#..........#
#.....(..# #..######...###
##.......# ##......[...#
##...#..## ##.#####.#.#
#.###...####.# ##### #.#
###......# #.#
#......#####
#.##########.....#


You could see tof's ghost.

Vanquished Creatures
  An ogre (D:5)
  A centaur (D:4)
  A centaur zombie (D:5)
  A hound (D:4)
  An iguana (D:5)
  2 worker ants (D:5)
  6 adders
  An adder zombie (D:5)
  2 worms
  6 orcs
  3 ball pythons
  10 bats
  3 giant cockroaches
  7 goblins
  13 hobgoblins
  2 kobolds
  3 quokkas
  4 giant geckos
  2 giant gecko skeletons
  2 giant newts
  5 rats
76 creatures vanquished.

Notes
Turn   | Place    | Note
--------------------------------------------------------------
     0 | D:1      | cluie the Demonspawn Ice Elementalist began the quest for the Orb.
     0 | D:1      | Reached XP level 1. HP: 13/13 MP: 3/3
   161 | D:1      | Gained mutation: You have a pair of small antennae on your head. [demonic ancestry]
   161 | D:1      | Reached XP level 2. HP: 11/20 MP: 1/5
   492 | D:1      | Reached skill level 3 in Ice Magic
   663 | D:1      | Reached skill level 1 in Fighting
   860 | D:2      | Gained mutation: You are slightly more attuned to the shadows. [demonic ancestry]
   860 | D:2      | Reached XP level 3. HP: 26/26 MP: 0/6
  1089 | D:2      | Found a sacrificial altar of Ru.
  1344 | D:3      | Learned a level 3 spell: Ozocubu's Armour
  1764 | D:3      | Reached XP level 4. HP: 8/32 MP: 6/8
  2928 | D:4      | Gained mutation: You are significantly more attuned to the shadows. [demonic ancestry]
  2928 | D:4      | Reached XP level 5. HP: 29/38 MP: 9/9
  3235 | D:4      | Learned a level 4 spell: Summon Ice Beast
  3370 | D:4      | Noticed a phantom
  3601 | D:4      | mother
  3601 | D:4      | FUCKER
  4392 | D:5      | Entered Level 5 of the Dungeon
  4396 | D:5      | Gained mutation: You are agile. (Dex +2) [potion of beneficial mutation]
  4417 | D:5      | Noticed tof's ghost (novice MiMo)
  4862 | D:5      | Noticed a centaur
  4878 | D:4      | Killed a centaur
  4878 | D:4      | Reached skill level 1 in Summonings
  4878 | D:4      | Gained mutation: You are partially covered in sharp spines. [demonic ancestry]
  4878 | D:4      | Reached XP level 6. HP: 15/46 MP: 2/11
  5223 | D:5      | Reached skill level 4 in Ice Magic
  5610 | D:5      | HP: 1/46 [poisoned by tof's ghost]
  5611 | D:5      | Succumbed to tof's ghost's poison

Vault maps used:
D:1:      tarquinn_simple_flora_water_d
D:2:      nicolae_ru_awakened_eye
D:3:      first_bread

Action                   |  1- 3 |  4- 6 || total
-------------------------+-------+-------++-------
Melee: Spear             |   161 |     3 ||   164
       Short sword       |       |    97 ||    97
 Cast: Freeze            |    24 |    45 ||    69
       Ozocubu's Armour  |       |     4 ||     4
  Use: Scroll            |       |    12 ||    12
       Potion            |       |     2 ||     2
 Stab: Sleeping          |    10 |    10 ||    20
  Eat: Chunk             |     3 |    10 ||    13
       Fruit             |       |     2 ||     2
